 Dungeon Crawl Stone Soup version 0.22.1-1-ga44c0e5 (webtiles) character file.

4531 MTVSty1e the Cleaver (level 10, -26/68 HPs)
             Began as a Gargoyle Fighter on Oct 24, 2018.
             Was a Priest of Okawaru.
             Killed from afar by a fire dragon (53 damage)
             ... with a blast of flame
             ... on level 10 of the Dungeon.
             The game lasted 00:10:36 (7140 turns).

MTVSty1e the Cleaver (Gargoyle Fighter)             Turns: 7140, Time: 00:10:37

Health: -26/68     AC: 18    Str: 27    XL:     10   Next: 39%
Magic:  10/10      EV:  7    Int:  9    God:    Okawaru [***...]
Gold:   450        SH:  0    Dex:  9    Spells: 9/9 levels left

rFire    . . .     SeeInvis .   a - +0 war axe
rCold    . . .     Gourm    .   c - +1 shield
rNeg     + . .     Faith    .   b - +0 scale mail
rPois    ∞         Spirit   .   j - +1 helmet
rElec    +         Reflect  .   k - +0 cloak
rCorr    .         Harm     .   (no gloves)
MR       .....                  s - +0 pair of boots of the Game Afoot {Str+4} (curse)
Stlth    ..........             (no amulet)
HPRegen  0.21/turn              l - ring of stealth
MPRegen  0.12/turn              u - ring of flight

@: confused
A: negative energy resistance 1, electricity resistance, unbreathing,
petrification resistance, rot immunity, AC +7
a: Heroism, Renounce Religion, Evoke Flight


You were on level 10 of the Dungeon.
You worshipped Okawaru.
Okawaru was most pleased with you.
You were not hungry.

You visited 2 branches of the dungeon, and saw 10 of its levels.

You collected 450 gold pieces.

Inventory:

Hand Weapons
 a - a +0 war axe (weapon)
 p - the +8 spear of Yxeal {pierce, rPois Stlth+}
   (You found it on level 8 of the Dungeon)

   It inflicts extra damage upon your enemies.
   It protects you from poison.
   It makes you more stealthy.
 y - the cursed +2 falchion of the Depths {flame, rN+ MP+9 Str+4 Int+4}
   (You found it on level 5 of the Dungeon)

   It has been specially enchanted to burn those struck by it, causing extra
   injury to most foes and up to half again as much damage against particularly
   susceptible opponents.
   Big, fiery blades are also staple armaments of hydra-hunters.
   It affects your strength (+4).
   It affects your intelligence (+4).
   It protects you from negative energy.
   It affects your magic capacity (+9).
   It has a curse placed upon it.
Armour
 b - a +0 scale mail (worn)
 c - a +1 shield (worn)
 j - a +1 helmet (worn)
 k - a +0 cloak (worn)
 s - the cursed +0 pair of boots of the Game Afoot (worn) {Str+4}
   (You found it on level 7 of the Dungeon)

   It affects your strength (+4).
   It has a curse placed upon it.
Jewellery
 g - an uncursed ring of stealth
 l - a ring of stealth (left hand)
 r - an uncursed ring of magical power
 u - a ring of flight (right hand)
 x - an uncursed ring of see invisible
Wands
 n - a wand of polymorph (13)
 q - a wand of enslavement (18)
 t - a wand of paralysis (10)
Scrolls
 e - a scroll of teleportation
 m - a scroll of noise
 o - 8 scrolls of identify
 w - 2 scrolls of remove curse
Potions
 d - a potion of brilliance
 h - a potion of cancellation
 i - 2 potions of curing
 v - a potion of mutation
 z - a potion of ambrosia
Comestibles
 f - 9 rations


   Skills:
 + Level 10.0 Fighting
 * Level 11.2 Axes
 - Level 3.2 Armour
 - Level 3.2 Shields


You had 9 spell levels left.
You didn't know any spells.
Your spell library contained the following spells:

 Spells                   Type           Power        Failure   Level  Hunger
 Confusing Touch          Hex            #.....       99%         1    ##.....
 Magic Dart               Conj           #...         99%         1    ##.....
 Blink                    Tloc           N/A          99%         2    ###....
 Call Imp                 Summ           #.......     99%         2    ###....
 Slow                     Hex            #.......     99%         2    ###....
 Confuse                  Hex            #.......     100%        3    ####...
 Conjure Flame            Conj/Fire      #.......     100%        3    ####...
 Gell's Gravitas          Tloc           #.........   100%        3    ####...
 Mephitic Cloud           Conj/Pois/Air  #.......     100%        3    ####...
 Recall                   Summ/Tloc      N/A          100%        3    ####...
 Petrify                  Tmut/Erth      #.......     100%        4    #####..
 Aura of Abjuration       Summ           #.........   100%        5    ######.
 Metabolic Englaciation   Hex/Ice        #.........   100%        5    ######.
 Summon Demon             Summ           #.........   100%        5    ######.
 Summon Forest            Summ/Tloc      #.........   100%        5    ######.
 Summon Mana Viper        Hex/Summ       #.......     100%        5    ######.
 Yara's Violent Unravell  Hex/Tmut       #.........   100%        5    ######.
 Shadow Creatures         Summ           N/A          100%        6    #######


Dungeon Overview and Level Annotations

Branches:
Dungeon (8/15)             Temple (1/1) D:4
   Lair: D:8-11

Altars:
Ashenzari
Cheibriados
Dithmenos
Fedhas
Gozag
Hepliaklqana
Kikubaaqudgha
Makhleb
Nemelex Xobeh
Okawaru
Qazlal
Trog
Wu Jian
Xom
Zin
The Shining One


Innate Abilities, Weirdness & Mutations

You are resistant to torment.
Your stone body is resilient. (AC +7)
You are immune to poison.
You resist negative energy. (rN+)
You are resistant to electric shocks. (rElec)
You can survive without breathing.
You are immune to petrification.
You are immune to rotting.


Message History

* * * LOW HITPOINT WARNING * * *
You are shoved backwards!
Your shield and scale mail prevent you from hitting the fire dragon.
The fire dragon is moderately wounded.
A wraith opens the door.
The fire dragon bites you but does no damage.
The fire dragon claws you but does no damage.
The fire dragon tramples you.
You are shoved backwards!
Found a potion of might.
A gnoll sergeant and a skeleton come into view.
The gnoll sergeant is wielding a trident of venom.
The gnoll sergeant shouts!
The fire dragon barely misses you.
The fire dragon claws you but does no damage.
The fire dragon tramples you.
You are shoved backwards!
You bump into the stone wall.
The fire dragon breathes flames at you. The blast of flame hits you!
Ouch! That really hurt!
You die...

+### ##
...##!.
#####..#.##
##$$:##@#..#
#($$.$#D#.##
#$$....Z'.W#
#$$.$.#.#g##
##$($##.#..#
#####..#.##
..##.. ###
##


You could see a fire dragon, a gnoll sergeant and a centaur warrior skeleton.

Vanquished Creatures
  Pikel (D:7)
  3 hippogriffs
  Sigmund (D:4)
  Menkaure (D:7)
  Duvessa (D:4)
  An acid dragon (D:5)
  2 phantoms
  3 slaves (D:7)
  A necrophage (D:6)
  2 sky beasts
  2 ogres
  8 centaurs
  4 bullfrogs
  2 scorpions
  Dowan (D:4)
  15 wights
  A crimson imp (D:6)
  A bullfrog zombie (D:5)
  2 centaur zombies (D:5)
  5 orc priests
  4 orc wizards
  Jessica (D:3)
  Ijyb (D:5)
  2 iguanas
  3 worker ants
  A killer bee zombie (D:7)
  8 adders
  2 oozes
  4 worms
  A dart slug (D:2)
  2 leopard geckos
  18 orcs
  A ball python (D:1)
  7 giant cockroaches
  7 hobgoblins
  5 jackals
  4 quokkas
  6 bats
  5 frilled lizards
  A giant cockroach zombie (D:5)
  4 goblins
  2 jackal skeletons
  A jackal zombie (D:7)
  8 kobolds
  2 quokka skeletons
  7 rats
164 creatures vanquished.

Notes
Turn   | Place    | Note
-------+----------+-------------------------------------------
     0 | D:1      | MTVSty1e the Gargoyle Fighter began the quest for the Orb.
     0 | D:1      | Reached XP level 1. HP: 14/14 MP: 1/1
   195 | D:1      | Reached skill level 2 in Axes
   505 | D:1      | Reached XP level 2. HP: 19/19 MP: 2/2
   909 | D:2      | Reached XP level 3. HP: 21/24 MP: 3/3
  1083 | D:2      | Reached skill level 3 in Axes
  1445 | D:2      | Reached XP level 4. HP: 29/29 MP: 4/4
  1736 | D:2      | Found a hazy altar of Hepliaklqana.
  2033 | D:3      | Reached XP level 5. HP: 22/34 MP: 5/5
  2041 | D:3      | Reached skill level 4 in Axes
  2498 | D:3      | Noticed Jessica
  2508 | D:3      | Killed Jessica
  2700 | D:4      | Reached XP level 6. HP: 39/40 MP: 6/6
  2715 | D:4      | Noticed Sigmund
  2726 | D:4      | Killed Sigmund
  2726 | D:4      | Reached skill level 5 in Fighting
  2726 | D:4      | Reached skill level 5 in Axes
  2727 | D:4      | Reached XP level 7. HP: 34/44 MP: 7/7
  2874 | D:4      | Reached skill level 6 in Axes
  3237 | D:4      | Noticed Dowan
  3238 | D:4      | Noticed Duvessa
  3257 | D:4      | Killed Dowan
  3265 | D:4      | Killed Duvessa
  3586 | D:4      | Found a staircase to the Ecumenical Temple.
  3592 | Temple   | Entered the Ecumenical Temple
  3617 | Temple   | Became a worshipper of Warmaster Okawaru
  3682 | D:5      | Entered Level 5 of the Dungeon
  3897 | D:5      | Noticed Ijyb
  3906 | D:5      | Paralysed by Ijyb for 3 turns
  3911 | D:5      | Killed Ijyb
  3962 | D:5      | Reached XP level 8. HP: 50/52 MP: 8/8
  4009 | D:5      | Found a glowing golden altar of the Shining One.
  4197 | D:5      | Reached skill level 7 in Axes
  4275 | D:5      | Got a transparent falchion
  4276 | D:5      | Identified the cursed +2 falchion of the Depths {flame, rN+
                  | MP+9 Str+4 Int+4} (You found it on level 5 of the Dungeon)
  4467 | D:6      | Noticed a hippogriff
  4482 | D:5      | HP: 1/52 [acid dragon (8)]
  4486 | D:5      | Killed a hippogriff
  4486 | D:5      | Reached * piety under Okawaru
  4490 | D:5      | Reached skill level 8 in Axes
  4875 | D:6      | Reached XP level 9. HP: 57/58 MP: 9/9
  4962 | D:6      | Reached skill level 9 in Axes
  4966 | D:6      | Reached ** piety under Okawaru
  5590 | D:7      | Got a pair of translucent boots
  5596 | D:7      | Identified the cursed +0 pair of boots of the Game Afoot
                  | {Str+4} (You found it on level 7 of the Dungeon)
  5884 | D:7      | Noticed Menkaure
  5891 | D:7      | Killed Menkaure
  6033 | D:7      | Reached skill level 10 in Axes
  6299 | D:7      | Noticed Pikel
  6334 | D:7      | Killed Pikel
  6334 | D:7      | Reached *** piety under Okawaru
  6334 | D:7      | Reached XP level 10. HP: 44/66 MP: 10/10
  6586 | D:7      | Reached skill level 11 in Axes
  7046 | D:8      | Identified the +8 spear of Yxeal {pierce, rPois Stlth+}
                  | (You found it on level 8 of the Dungeon)
  7097 | D:8      | Reached skill level 10 in Fighting
  7125 | D:8      | You fall through a shaft for 2 floors!
  7125 | D:10     | Entered Level 10 of the Dungeon
  7125 | D:10     | Noticed a fire dragon
  7140 | D:10     | Killed from afar by a fire dragon

Skill      XL: |  1  2  3  4  5  6  7  8  9 10 |
---------------+-------------------------------+-----
Axes           | 2 3 4 5 6 8 10 11 | 11.2
Fighting       | 4 5 6 7 9 10 | 10.0
Armour         | |  3.2
Shields        | |  3.2

Action                   |  1- 3 |  4- 6 |  7- 9 | 10-12 || total
-------------------------+-------+-------+-------+-------++-------
Melee: War axe           |   113 |   163 |   334 |    78 ||   688
       Spear             |       |       |       |     8 ||     8
Invok: Heroism           |       |       |     2 |       ||     2
 Abil: Evoke Flight      |       |       |     3 |       ||     3
  Use: Potion            |       |     4 |     4 |     1 ||     9
       Scroll            |       |       |     8 |     4 ||    12
  Eat: Chunk             |     1 |     3 |     4 |       ||     8
       Ration            |       |     1 |     2 |     1 ||     4
Armor: Scale mail        |    70 |    87 |   223 |    62 ||   442
Dodge: Dodged            |    42 |    57 |   108 |    32 ||   239
Block: Shield            |    57 |    80 |   173 |    48 ||   358
